 Dungeon Crawl Stone Soup version 0.25.1-8-g42b30a86e7 (webtiles) character file.

Game seed: 17714481928684075053

14604 Clowwww the Cleaver (level 12, -6/106 HPs)
             Began as a Hill Orc Fighter on Dec 5, 2020.
             Was a Believer of Ashenzari.
             Killed from afar by Azrael (14 damage)
             ... with a bolt of fire
             ... on level 12 of the Dungeon.
             The game lasted 00:35:02 (10332 turns).

Clowwww the Cleaver (Hill Orc Fighter)             Turns: 10332, Time: 00:35:03

Health: -6/106     AC: 15    Str: 24    XL:     12   Next: 18%
Magic:  12/12      EV: 11    Int:  8    God:    Ashenzari [**....]
Gold:   403        SH: 13    Dex: 10    Spells: 11/11 levels left

rFire    + . .     SeeInvis +   a - +0 war axe (venom) (curse)
rCold    x . .     Gourm    .   c - +0 kite shield (curse)
rNeg     . . .     Faith    .   q - +3 scale mail {rPois}
rPois    +         Spirit   .   t - +2 helmet (curse)
rElec    .         Reflect  .   (no cloak)
rCorr    .         Harm     .   l - +2 pair of gloves (curse)
MR       .....                  (no boots)
Stlth    ..........             n - amulet of regeneration (curse)
HPRegen  0.67/turn              j - ring of see invisible
MPRegen  0.13/turn              O - ring of fire

@: berserk cooldown, very slightly contaminated, slowed, studying Shields, very
slow
A: deformed body
a: Curse Item, Scrying, Renounce Religion


You were on level 12 of the Dungeon.
You worshipped Ashenzari.
Ashenzari was pleased with you.
You were not hungry.

You visited 2 branches of the dungeon, and saw 13 of its levels.
You also visited: Ossuary.

You collected 541 gold pieces.
You spent 138 gold pieces at shops.

Inventory:

Hand Weapons
 a - a cursed +0 war axe of venom (weapon)
 L - a +2 hand axe of flaming
Missiles
 p - 12 boomerangs (quivered)
 y - 2 silver boomerangs
Armour
 c - a cursed +0 kite shield (worn)
 l - a cursed +2 pair of gloves (worn)
 q - a +3 scale mail of poison resistance (worn)
 t - a cursed +2 helmet (worn)
 S - the +7 chain mail of Magic {MP-9 Str+3 Dex+9 Stlth+}
   (You found it on level 12 of the Dungeon)

   It affects your strength (+3).
   It affects your dexterity (+9).
   It affects your magic capacity (-9).
   It makes you more stealthy.
Jewellery
 b - an uncursed ring of poison resistance
 j - a ring of see invisible (left hand)
 n - a cursed amulet of regeneration (around neck)
 E - an uncursed ring of stealth
 H - an uncursed amulet of faith
 O - a ring of fire (right hand)
Wands
 d - a wand of enslavement (6)
 B - a wand of polymorph (11)
 J - a wand of random effects (12)
 K - a wand of paralysis (18)
 M - a wand of iceblast (18)
 Q - a wand of flame (15)
Scrolls
 e - 3 scrolls of amnesia
 h - 4 scrolls of remove curse
 i - a scroll of fear
 o - 2 scrolls of fog
 D - 7 scrolls of teleportation
Potions
 g - a potion of invisibility
 k - a potion of brilliance
 m - 5 potions of flight
 u - 8 potions of lignification
 v - 4 potions of haste
 w - a potion of magic
 z - a potion of ambrosia {unknown}
 A - 4 potions of curing
 C - a potion of resistance {unknown}
 F - 2 potions of stabbing {unknown}
 I - a potion of mutation {unknown}
 N - a potion of cancellation {unknown}
 P - a potion of experience {unknown}
Books
 G - a manual of Shields
Comestibles
 f - 22 rations
 R - 13 chunks of flesh


   Skills:
 + Level 9.9 Fighting
 + Level 14.4(16.3) Axes
 + Level 4.7 Throwing
 + Level 9.3 Armour
 + Level 4.4 Dodging
 + Level 1.5 Stealth
 + Level 11.1(12.4) Shields
 + Level 0.6 Evocations


You had 11 spell levels left.
You didn't know any spells.
Your spell library contained the following spells:

 Spells                   Type           Power        Failure   Level  Hunger
 Corona                   Hex            #......      78%         1    ##.....
 Magic Dart               Conj           #...         78%         1    ##.....
 Summon Small Mammal      Summ           #...         78%         1    ##.....
 Call Imp                 Summ           #.......     89%         2    ###....
 Ensorcelled Hibernation  Hex/Ice        #.....       89%         2    ###....
 Searing Ray              Conj           #.....       89%         2    ###....
 Call Canine Familiar     Summ           #.......     98%         3    ####...
 Confusing Touch          Hex            #.......     98%         3    ####...
 Dazzling Flash           Conj/Hex       #.....       98%         3    ####...
 Summon Guardian Golem    Hex/Summ       #.......     98%         3    ####...
 Tukima's Dance           Hex            #.......     98%         3    ####...
 Fulminant Prism          Conj/Hex       #.........   100%        4    #####..
 Iskenderun's Mystic Bla  Conj/Tloc      #.......     100%        4    #####..
 Summon Ice Beast         Ice/Summ       #.......     100%        4    #####..
 Summon Lightning Spire   Summ/Air       #.......     100%        4    #####..


Dungeon Overview and Level Annotations

Branches:
Dungeon (12/15)            Temple (1/1) D:4            Lair (0/6) D:8
    Orc (0/2) D:11        Ossuary (visited)

Altars:
Ashenzari
Cheibriados
Dithmenos
Elyvilon
Fedhas
Gozag
Hepliaklqana
Kikubaaqudgha
Makhleb
Nemelex Xobeh
Okawaru
Qazlal
Ru
Sif Muna
Trog
Uskayaw
Vehumet
Wu Jian
Xom
Yredelemnul
Zin
The Shining One

Shops:
D:11 *   D:12 [

Annotations:
D:5 Prince Ribbit
D:12 Azrael


Innate Abilities, Weirdness & Mutations

Armour fits poorly on your strangely shaped body.


Message History

The fire elemental is almost destroyed.
You block the fire elemental's attack. Azrael gestures at you.
The bolt of fire hits the hell hound.
The hell hound completely resists.
The bolt of fire misses the fire elemental.
The bolt of fire hits you! You resist.
* * * LOW HITPOINT WARNING * * *
The fire elemental barely misses you.
You feel better. The hell hound breathes flames at you.
The blast of flame hits the fire elemental.
The fire elemental completely resists.
The blast of flame hits you! You resist.
* * * LOW HITPOINT WARNING * * *
The fire elemental hits you. The fire elemental burns you! You resist.
* * * LOW HITPOINT WARNING * * *
Azrael gestures at you.
The bolt of fire hits the hell hound.
The hell hound completely resists.
The bolt of fire hits the fire elemental.
The fire elemental completely resists.
The bolt of fire hits you! You resist.
You die...

, .. #.#.#..####># *.#
##.#..†......[ * ***.#
##.#.##.#.###..
#.###....##.#.# #.# *
#....###.##.... , #.
#.#.##.....##. , #.#
#.#.##.....##.# , #.#
#†............# #.#
##@###.....####
####.## #E# #.....#**
#.....# #h# ###......,
,
#.....####R#####.#####
* #.....h.○#Eo.....#
#.....##○.o......# *
#.....#######...... *
###..## * #.#### #.>#
* #.# *


You could see Azrael, 2 fire elementals, a hell hound (catching breath) and 2
orcs.

Vanquished Creatures
  A hydra (D:8)
  3 two-headed ogres
  Maggie (D:8)
  3 kobold demonologists (D:11)
  2 trolls
  2 dream sheep (D:8)
  3 hippogriffs
  Sigmund (D:4)
  A vampire (D:12)
  11 yaks
  2 wraiths
  2 hungry ghosts (D:8)
  Duvessa (D:5)
  3 porcupines (D:8)
  5 hell hounds (D:12)
  4 orc warriors
  5 sky beasts
  5 ice beasts
  2 phantoms
  3 ogres
  12 centaurs
  4 big kobolds
  Blork the orc (D:5)
  6 bullfrogs
  A wyvern skeleton (D:3)
  A scorpion (D:5)
  Dowan (D:5)
  10 killer bees
  4 howler monkeys
  2 centaur zombies
  5 electric eels (D:10)
  3 crimson imps
  2 jellies
  A bullfrog zombie (D:8)
  A human zombie (Ossuary)
  3 orc priests
  A bullfrog skeleton (D:5)
  2 hounds
  4 centaur skeletons
  3 iguanas
  9 orc wizards
  12 worker ants
  A hound zombie (D:9)
  3 mummies (Ossuary)
  8 gnolls
  6 adders
  2 shadow imps (D:5)
  An ooze (D:2)
  2 adder zombies (D:9)
  3 adder skeletons
  A worm (D:4)
  A dart slug (D:1)
  6 leopard geckos
  33 orcs
  2 ball pythons
  11 bats
  8 giant cockroaches
  3 gnoll zombies (Ossuary)
  5 goblins
  8 hobgoblins
  20 jackals
  10 kobolds
  4 quokkas
  6 frilled lizards
  A giant cockroach zombie (D:5)
  3 goblin zombies (Ossuary)
  4 hobgoblin zombies (Ossuary)
  A kobold zombie (Ossuary)
  An orc zombie (Ossuary)
  2 rats
304 creatures vanquished.

Notes
Turn   | Place    | Note
-------+----------+-------------------------------------------
     0 | D:1      | Clowwww the Hill Orc Fighter began the quest for the Orb.
     0 | D:1      | Reached XP level 1. HP: 19/19 MP: 1/1
   122 | D:1      | Reached XP level 2. HP: 26/27 MP: 2/2
   242 | D:1      | Reached skill level 3 in Axes
   415 | D:1      | Reached XP level 3. HP: 33/33 MP: 3/3
   941 | D:2      | Found a sacrificial altar of Ru.
   941 | D:2      | Found a burning altar of Makhleb.
  1059 | D:2      | Reached XP level 4. HP: 40/40 MP: 4/4
  1896 | D:3      | Reached skill level 4 in Axes
  1896 | D:3      | Reached skill level 1 in Throwing
  1896 | D:3      | Reached XP level 5. HP: 39/46 MP: 5/5
  2403 | D:4      | Noticed Sigmund
  2413 | D:4      | Killed Sigmund
  2413 | D:4      | Reached skill level 5 in Axes
  2413 | D:4      | Reached skill level 1 in Dodging
  2413 | D:4      | Reached XP level 6. HP: 46/53 MP: 6/6
  2453 | D:4      | Found a staircase to the Ecumenical Temple.
  2477 | Temple   | Entered the Ecumenical Temple
  2864 | D:4      | Found a shimmering altar of Xom.
  3144 | D:5      | Entered Level 5 of the Dungeon
  3150 | D:5      | Noticed Prince Ribbit
  3154 | D:5      | Reached XP level 7. HP: 54/60 MP: 7/7
  3161 | D:5      | Reached skill level 6 in Axes
  3333 | D:5      | Found an iron altar of Okawaru.
  3449 | D:5      | Noticed Dowan
  3450 | D:5      | Noticed Duvessa
  3457 | D:5      | Killed Dowan
  3477 | D:5      | Killed Duvessa
  3477 | D:5      | Reached skill level 5 in Armour
  3549 | D:5      | Noticed Blork the orc
  3565 | D:5      | Reached skill level 5 in Fighting
  3579 | D:5      | Killed Blork the orc
  3579 | D:5      | Reached skill level 7 in Axes
  3579 | D:5      | Reached XP level 8. HP: 21/68 MP: 8/8
  3701 | D:5      | Reached skill level 5 in Shields
  4326 | D:6      | Reached skill level 8 in Axes
  4350 | D:6      | Found a sand-covered staircase.
  4354 | Ossuary  | Entered an ossuary
  4354 | Ossuary  | Noticed a wraith
  4354 | Ossuary  | Noticed a wraith
  4354 | Ossuary  | Noticed a wraith
  4590 | Ossuary  | Noticed a wraith
  4613 | Ossuary  | Killed a wraith
  4882 | D:6      | Reached XP level 9. HP: 75/75 MP: 9/9
  5324 | D:7      | Reached skill level 9 in Axes
  5870 | D:8      | Reached skill level 10 in Axes
  5959 | D:8      | Noticed a two-headed ogre
  5964 | D:8      | Killed a two-headed ogre
  5964 | D:8      | Reached XP level 10. HP: 46/86 MP: 10/10
  6053 | D:8      | Identified a scroll of acquirement
  6053 | D:8      | Acquired a manual of Shields
  6163 | D:8      | Noticed Maggie
  6173 | D:8      | Paralysed by Maggie for 5 turns
  6180 | D:8      | Killed Maggie
  6180 | D:8      | Reached skill level 11 in Axes
  6371 | D:8      | Noticed a three-headed hydra
  6378 | D:8      | Killed a one-headed hydra
  6456 | D:8      | Found a staircase to the Lair.
  6552 | D:8      | Reached skill level 12 in Axes
  6861 | D:9      | Noticed a two-headed ogre
  6877 | D:9      | Killed a two-headed ogre
  6999 | D:9      | Reached XP level 11. HP: 94/95 MP: 11/11
  7081 | D:9      | Reached skill level 1 in Stealth
  7157 | D:9      | Found an opulent altar of Gozag.
  7403 | D:9      | Reached skill level 13 in Axes
  7523 | D:9      | Found a shattered altar of Ashenzari.
  7663 | D:9      | Became a worshipper of Ashenzari the Shackled
  7740 | D:9      | Found a bloodstained altar of Trog.
  7849 | D:10     | Entered Level 10 of the Dungeon
  7946 | D:10     | Found a shattered altar of Ashenzari.
  8108 | D:10     | Noticed a two-headed ogre
  8132 | D:10     | Killed a two-headed ogre
  8520 | D:10     | Reached * piety under Ashenzari
  9141 | D:11     | Found Yshocsu's Assorted Antiques.
  9149 | D:11     | Bought a scroll of teleportation for 69 gold pieces
  9149 | D:11     | Bought a scroll of remove curse for 69 gold pieces
  9167 | D:11     | Reached skill level 10 in Shields
  9275 | D:11     | Gained mutation: Armour fits poorly on your strangely
                  | shaped body. [a neqoxec]
  9281 | D:11     | Reached skill level 14 in Axes
  9737 | D:11     | Reached ** piety under Ashenzari
  9895 | D:11     | Found a staircase to the Orcish Mines.
  9968 | D:12     | Reached XP level 12. HP: 102/105 MP: 12/12
 10075 | D:12     | Found Pathrupsa's Antique Armour Boutique.
 10260 | D:12     | Identified the +7 chain mail of Magic {MP-9 Str+3 Dex+9
                  | Stlth+}
 10279 | D:12     | Noticed Azrael
 10332 | D:12     | Killed from afar by Azrael

Illustrated notes

Levels and vault maps discovered:
D:1:      psy_arrival_basics, layout_loops_cross, minmay_misc_feat_rows
D:2:      layout_loops_ring, chequers_temple_overflow_statue_of_worship,
          minmay_strange_pillars, grunt_decor_mini_mirrors,
          minmay_misc_feat_cross
D:3:      layout_loops_ring, chequers_mini_garden
D:4:      layout_gridville, nicolae_overflow_hidden_temple,
          minmay_temple_entry_junction, first_ration, uniq_sigmund
D:5:      layout_basic, basic_altar, uniq_prince_ribbit1, uniq_blork_the_orc,
          uniq_duvessa
D:6:      layout_basic, enter_ossuary_5
D:7:      layout_rooms
D:8:      layout_basic, grunt_lair_entry_orc_guard_hut, hangedman_ranch
          [blue_anna_fruit_fields], uniq_maggie
D:9:      minmay_four_partial_circles, layout_rooms,
          nicolae_ashenzari_panopticon, lightli_temple_of_fire,
          grunt_gozag_breadcrumbs
D:10:     layout_basic, basic_altar
D:11:     layout_grid_maze, orc_0_dummy, serial_shops,
          nicolae_shop_temple_entry_statues_fountains
D:12:     layout_loops_ring, serial_shops, kennysheep_mini,
          mrwooster_statue_mirror, grunt_ministairs_4, uniq_azrael
Temple:   minmay_crystal_spiral_temple

Skill      XL: |  1  2  3  4  5  6  7  8  9 10 11 12 |
---------------+-------------------------------------+-----
Fighting       | 4 5 6 7 8 9 |  9.9
Axes           | 3 4 5 7 8 10 12 14 | 14.4
Throwing       | 1 2 3 4 |  4.7
Armour         | 4 5 6 7 8 9 |  9.3
Dodging        | 1 2 3 4 |  4.4
Shields        | 4 5 6 8 10 11 | 11.1
Stealth        | 1 |  1.5
Evocations     | |  0.6

Action                   |  1- 3 |  4- 6 |  7- 9 | 10-12 || total
-------------------------+-------+-------+-------+-------++-------
Melee: War axe           |    87 |   130 |   327 |   468 ||  1012
       Hand axe          |       |       |       |     6 ||     6
Throw: Boomerang         |    10 |    39 |    30 |    48 ||   127
Invok: Curse Item        |       |       |       |     6 ||     6
Evoke: Wand              |       |       |       |     3 ||     3
  Use: Scroll            |       |    12 |     6 |     8 ||    26
       Potion            |       |       |     3 |     5 ||     8
  Eat: Chunk             |     1 |     6 |     8 |    15 ||    30
       Ration            |       |       |     4 |       ||     4
Armor: Scale mail        |    73 |    62 |   163 |   169 ||   467
Dodge: Dodged            |    37 |    49 |   110 |   211 ||   407
Block: Kite shield       |    63 |    63 |   186 |   256 ||   568
